 Dungeon Crawl Stone Soup version 0.29.1-2-gbd0b4ee654 (webtiles) character file.

Game seed: 1650364876154298729

291 Avanven the Insei (level 6, -1/46 HPs)
             Began as a Djinni Transmuter on Nov 8, 2022.
             Constricted to death by Grinder (4 damage)
             ... on level 3 of the Dungeon.
             The game lasted 00:07:12 (3651 turns).

Avanven the Insei (Djinni Transmuter)               Turns: 3651, Time: 00:07:13

Health: -1/46      AC:  2    Str: 17    XL:     6   Next: 58%
Gold:   132        EV: 16    Int: 14    God:
                   SH:  0    Dex: 19

rFire   . . .      SeeInvis .     - Unarmed
rCold   . . .      Faith    +   (shield currently unavailable)
rNeg    . . .      Spirit   .   (body armour currently unavailable)
rPois   ∞          Reflect  .   (helmet currently unavailable)
rElec   .          Harm     .   (cloak currently unavailable)
rCorr   .          Rampage  .   (gloves currently unavailable)
Will    .....                   (boots unavailable)
Stlth   ++........              q - amulet of faith
HPRegen 0.15/turn               h - +6 ring of strength
MPRegen 0.00/turn               (no ring)

@: spider-form (expiring), grasped by roots, flying, constricted
A: venomous fangs, flying, sickness immunity, tiny, (fire resistance 2), (cold
vulnerability 1), float, innate caster, HP casting, extra vitality 1
a: End Transformation


You were on level 3 of the Dungeon.
You were a venomous arachnid creature.
You visited 1 branch of the dungeon, and saw 4 of its levels.

You collected 132 gold pieces.

Inventory:

Armour
 a - a +0 robe (melded)
 f - a +0 cloak (melded)
Jewellery
 h - a +6 ring of strength (left front leg)
 q - an amulet of faith (around neck)
Wands
 o - a wand of flame (19)
Scrolls
 e - a scroll of noise {unknown}
 k - 2 scrolls of teleportation {unknown}
 l - 3 scrolls of identify {unknown}
 m - a scroll of brand weapon {unknown}
 n - 4 scrolls of fear {unknown}
Potions
 b - a potion of lignification
 c - a potion of degeneration {unknown}
 d - a potion of brilliance
 g - 3 potions of resistance
 i - a potion of berserk rage {unknown}
 j - 3 potions of mutation {unknown}
 p - a potion of curing {unknown}
 r - a potion of flight {unknown}


   Skills:
 - Level 3.0 Fighting
 - Level 2.1 Dodging
 * Level 5.3 Unarmed Combat
 * Level 2.7 Spellcasting


You couldn't memorise any spells.
You knew the following spells:

 Your Spells              Type           Power      Damage    Failure   Level
a - Beastly Appendage     Tmut           18%        N/A       19%         1
b - Wereblood             Tmut           9%         N/A       26%         2
c - Spider Form           Tmut/Pois      9%         N/A       43%         3
d - Ice Form              Ice/Tmut       9%         N/A       77%         4
e - Sandblast             Erth           18%        2d7       19%         1
f - Blink                 Tloc           18%        N/A       26%         2
Your spell library was empty.

Dungeon Overview and Level Annotations

Branches:
Dungeon (4/15)
 Temple: D:4-7

Altars:
Ashenzari
Dithmenos
Gozag
Nemelex Xobeh
Trog
Uskayaw

Annotations:
D:3 Grinder


Innate Abilities, Weirdness & Mutations

You are a venomous arachnid creature.
You have poisonous fangs.
You are tiny and dextrous.
You are flying.
Your spellcasting is less reliable in this form.
Your armour is entirely melded.
You are incapable of wielding weapons or throwing items.
You are immune to sickness and miasma.
You are immune to poison.
((Your flesh is very heat resistant. (rF++)))
((You are vulnerable to cold. (rC-)))
You float through the air rather than walking.
You learn spells naturally, not from books.
Your magical power is your life essence.
You have superior vitality. (+4 MHP)


Message History

You barely miss Grinder.
Grinder is lightly wounded.
Grinder closely misses you.
You hit Grinder.
Grinder is lightly wounded.
Grinder zaps a wand.
The roots erupt in riotous growth!
The grasping roots grab you!
Grinder is unaffected.
The grasping roots constrict you!
You bite Grinder!
Grinder is poisoned.
Grinder is moderately wounded.
Grinder blinks!
The grasping roots constrict you!
You escape the roots grasp.
You hit Grinder but do no damage.
Grinder is moderately wounded.
Grinder misses you.
You hit Grinder.
Grinder is moderately wounded.
You hit Grinder.
Grinder is moderately wounded.
Your transformation is almost over.
Grinder zaps a wand.
The roots erupt in riotous growth!
The grasping roots grab you!
Grinder is unaffected.
The grasping roots constrict you!
You bite Grinder!
Grinder is severely wounded.
Grinder hits you! The grasping roots constrict you.
You bite Grinder!
Grinder is almost dead.
Grinder barely misses you. The grasping roots constrict you!
* * * LOW HITPOINT WARNING * * *
You hit Grinder.
Grinder is almost dead.
Grinder blinks!
The grasping roots constrict you.
* * * LOW HITPOINT WARNING * * *
You hit Grinder but do no damage.
Grinder is almost dead.
Grinder hits you.
* * * LOW HITPOINT WARNING * * *
The grasping roots constrict you.
You die...

#....# #......... . #....#
#...####... # #....######...#
#..#########
#.............####.#.....#...
#_...#####...................
#....# ##....##.............
#....####..##....#.<.........
#...>#....###.####...........
#....#.##..§s.# #...........
####......###5# #...........
######## #.# #............
#.....PP.........
#....P~~P....#...
#..#......#.#####
..##+.......# ## #..⌠...
......


You could see Grinder (resistant, very poisoned).

Vanquished Creatures
  Sigmund (D:2)
  A hound (D:3)
  4 adders
  3 orcs
  10 ball pythons
  5 endoplasms
  A giant cockroach (D:1)
  6 goblins
  4 hobgoblins
  3 jackals (D:1)
  5 quokkas
  5 bats
  3 frilled lizards (D:3)
  4 kobolds
  4 rats
59 creatures vanquished.

Notes
Turn   | Place    | Note
-------+----------+-------------------------------------------
     0 | D:1      | Avanven the Djinni Transmuter began the quest for the Orb.
     0 | D:1      | Avanven set off with the following spells memorised:
                  | Beastly Appendage, Wereblood, Spider Form, Ice Form.
     0 | D:1      | Reached XP level 1. HP: 17/17 MP: 0/0
   103 | D:1      | Reached XP level 2. HP: 19/22 MP: 0/0
   812 | D:1      | Found a faded altar of an unknown god.
  1101 | D:1      | Reached XP level 3. HP: 27/27 MP: 0/0
  1101 | D:1      | Learned a level 1 spell: Sandblast
  1498 | D:2      | Found a shadowy altar of Dithmenos.
  2233 | D:2      | Noticed Sigmund
  2246 | D:2      | Killed Sigmund
  2247 | D:2      | Reached skill level 4 in Unarmed Combat
  2247 | D:2      | Reached XP level 4. HP: 17/34 MP: 0/0
  2247 | D:2      | Reached XP level 5. HP: 20/39 MP: 0/0
  2247 | D:2      | Learned a level 2 spell: Blink
  2247 | D:2      | Reached XP level 6. HP: 23/45 MP: 0/0
  2540 | D:2      | You are sucked into a shaft and drop 2 floors!
  2558 | D:4      | Found an opulent altar of Gozag.
  2593 | D:4      | Reached skill level 5 in Unarmed Combat
  2692 | D:3      | Found a hide-covered altar of Uskayaw.
  2803 | D:4      | Found a broken altar of Ashenzari.
  2822 | D:4      | Found a sparkling altar of Nemelex Xobeh.
  3614 | D:3      | Found a bloodstained altar of Trog.
  3636 | D:3      | Noticed Grinder
  3651 | D:3      | Constricted to death by Grinder

Illustrated notes

Levels and vault maps discovered:
D:1:      dpeg_arrival_long_road, layout_loops_ring,
          nicolae_ecumenical_snake_handling, minmay_heptomino_h4
D:2:      layout_loops_ring, basic_altar, roderic_lattice_a, uniq_sigmund
D:3:      minmay_skewed_foursquare, layout_rooms, tso_oasis_becter,
          overflow_temple_1_default, nicolae_overflow_hidden_temple,
          uniq_grinder
D:4:      layout_loops_ring, lemuel_doored_altar, makhleb_altar_promises_db,
          nemelex_xobeh_ov_fountains_minmay, kennysheep_mini

Skill      XL: |  1  2  3  4  5  6 |
---------------+-------------------+-----
Spellcasting   | 2 |  2.7
Fighting       | 2 3 |  3.0
Unarmed Combat | 4 5 |  5.3
Dodging        | |  2.1

Action                   |  1- 3 |  4- 6 || total
-------------------------+-------+-------++-------
Melee: Unarmed           |   106 |    87 ||   193
       Headbutt          |    13 |     5 ||    18
       Punch             |     3 |       ||     3
 Cast: Beastly Appendage |    22 |    15 ||    37
       Wereblood         |     9 |    11 ||    20
       Spider Form       |     1 |     2 ||     3
       Blink             |       |     1 ||     1
 Stab: Sleeping          |       |     1 ||     1
Armor: Robe              |    18 |    15 ||    33
Dodge: Dodged            |    58 |    57 ||   115
